[Event "Titled Tuesday Blitz July 4 Late 2023"]
[White "Karas, Marek"]
[Black "Gardezi, Arsal"]
[WhiteFideId "14928558"]
[BlackFideId "30949521"]
[WhiteElo "2451"]
[BlackElo "2195"]
[Result "1/2-1/2"]
[Round "2"]
[TimeControl "180+2"]
[Date "2023.07.04"]
[WhiteClock "0:00:04"]
[BlackClock "0:00:12"]
[Board "169"]

1. d4 Nf6 2. Nf3 e6 3. Bf4 c5 4. e3 Qb6 5. Qc1 Nc6 6. c3 d5 7. Nbd2 Bd7 8. h3 Rc8 9. Be2 Ne4 10. O-O Be7 11. Bh2 O-O 12. Qb1 f5 13. Nxe4 fxe4 14. Ne5 Nxe5 15. Bxe5 Bf6 16. Bg3 Bb5 17. Re1 Bxe2 18. Rxe2 cxd4 19. cxd4 Rc6 20. Rc2 Rfc8 21. Rxc6 Rxc6 22. b3 Be7 23. Qb2 Qa5 24. a3 Qc3 25. Qxc3 Rxc3 26. b4 Kf7 27. Bb8 a6 28. Ba7 Bd6 29. g4 e5 30. Kg2 Ke6 31. dxe5 Bxe5 32. Ra2 Rd3 33. a4 Rb3 34. Bc5 Bc3 35. Rc2 Bxb4 36. Bd4 Kd7 37. Bxg7 Ra3 38. Rb2 Rxa4 39. Bd4 b5 40. g5 Be7 41. h4 Rc4 42. Kh3 b4 43. Kg4 a5 44. Ra2 Bd8 45. h5 b3 46. Ra1 a4 47. g6 hxg6 48. hxg6 Rxd4 49. g7 b2 50. Rb1 a3 51. g8=Q a2 52. Qf7+ Kc8 53. Qe6+ Kc7 54. Qf7+ Kc8 55. Rxb2 a1=Q 56. Rc2+ Rc4 57. Rxc4+ dxc4 58. Qxc4+ Bc7 59. Qxe4 Qg7+ 60. Kf3 Qf6+ 61. Ke2 Qb2+ 62. Kf3 Qf6+ 63. Kg2 Qg5+ 64. Kf1 Qb5+ 65. Kg1 Qh5 66. Qg2 Qc5 67. Qf3 Qc1+ 68. Kg2 Qc5 69. Qg4+ Kb7 70. Qf3+ Kb6 71. e4 Qe5 72. Qb3+ Kc6 73. Qd3 Qh2+ 74. Kf3 Qh1+ 75. Ke2 Qh5+ 76. f3 Qh2+ 77. Kd1 Bf4 78. Qd5+ Kc7 79. Qc4+ Kd7 80. Qd3+ Ke6 81. Qd5+ Kf6 82. Qd3 Qg1+ 83. Kc2 Qc1+ 84. Kb3 Be5 85. Qc2 Qe3+ 86. Kc4 Qd4+ 87. Kb3 Bd6 88. Qc3 Qxc3+ 89. Kxc3 Ke5 90. Kd3 Kf4 91. Kd4 Kxf3 92. e5 Be7 93. e6 Bh4 94. Ke5 Be7 95. Kf5 Bh4 96. Kg6 Be7 97. Kg7 Bh4 98. Kg6 Ke4 99. Kf7 Kd5 100. e7 Bxe7 1/2-1/2


[Site "https://www.chess.com"]

[Event "Titled Tuesday Blitz July 4 Late 2023"]
[White "Francisco_Ferrari"]
[Black "Miszler, Levente"]
[BlackFideId "763276"]
[WhiteElo "2194"]
[BlackElo "2450"]
[Result "0-1"]
[Round "2"]
[TimeControl "180+2"]
[Date "2023.07.04"]
[WhiteClock "0:01:04"]
[BlackClock "0:02:30"]
[Board "170"]

1. Nf3 Nc6 2. h4 e5 3. d3 d5 4. g3 Bd6 5. Bg2 Be6 6. Nbd2 h6 7. c3 Nf6 8. e4 Qd7 9. Qc2 O-O-O 10. b4 dxe4 11. dxe4 Bxb4 12. cxb4 Nxb4 13. Qc3 Nd3+ 14. Kf1 Ng4 15. Nc4 Ndxf2 16. Ba3 Bxc4+ 0-1


[Site "https://www.chess.com"]

[Event "Titled Tuesday Blitz July 4 Late 2023"]
[White "Cueto, Jonny"]
[Black "Ladan, Nicholas"]
[WhiteFideId "3300145"]
[BlackFideId "30918855"]
[WhiteElo "2194"]
[BlackElo "2446"]
[Result "0-1"]
[Round "2"]
[TimeControl "180+2"]
[Date "2023.07.04"]
[WhiteClock "0:00:00"]
[BlackClock "0:00:57"]
[Board "171"]

1. d4 d5 2. Bf4 c5 3. e3 Nc6 4. Nf3 Qb6 5. Nc3 cxd4 6. Nxd5 Qa5+ 7. b4 Qxd5 8. exd4 Bg4 9. c4 Qe4+ 10. Be3 e5 11. Bd3 Bxb4+ 12. Ke2 Nxd4+ 13. Kf1 Bxf3 14. gxf3 Qxf3 15. Qa4+ Qc6 16. Qxc6+ bxc6 17. Rb1 a5 18. Be4 Nf6 19. Bg2 O-O-O 20. Bxd4 Rxd4 21. Bxc6 Rxc4 22. Bb5 Rc2 23. Ba6+ Kc7 24. a3 Bc5 25. Rb7+ Kc6 26. Kg2 Rxf2+ 27. Kh3 Ne4 28. Rg1 Nd6 29. Rbb1 Rf3+ 30. Kg2 Rxa3 31. Rgc1 Ra2+ 32. Kh3 h5 33. Rb3 g5 34. Rbc3 g4+ 35. Kh4 Rxh2+ 36. Kg5 Ne4+ 37. Kf5 Nxc3 38. Rxc3 Rf2+ 39. Kg5 h4 40. Bd3 h3 41. Be4+ Kb5 42. Kxg4 h2 43. Rc1 Rf4+ 44. Kg3 Rxe4 45. Rb1+ Bb4 46. Rd1 h1=Q 47. Rxh1 Rxh1 48. Kf3 Rhe1 0-1


[Site "https://www.chess.com"]

[Event "Titled Tuesday Blitz July 4 Late 2023"]
[White "Cooper, Aaron"]
[Black "texie1"]
[WhiteFideId "2634945"]
[WhiteElo "2191"]
[BlackElo "2445"]
[Result "1-0"]
[Round "2"]
[TimeControl "180+2"]
[Date "2023.07.04"]
[WhiteClock "0:00:29"]
[BlackClock "0:00:34"]
[Board "172"]

1. e4 c5 2. Nf3 d6 3. d4 cxd4 4. Nxd4 Nf6 5. Nc3 a6 6. Be2 e5 7. Nb3 Be7 8. Be3 O-O 9. O-O b5 10. f4 Bb7 11. Bf3 Nbd7 12. a4 b4 13. Nd5 Nxd5 14. exd5 Nf6 15. Qd2 e4 16. Qxb4 exf3 17. Qxb7 fxg2 18. Kxg2 Rb8 19. Qxa6 Nxd5 20. Bd4 Qd7 21. Qe2 Bf6 22. Bxf6 Nxf6 23. a5 Qc6+ 24. Kg1 Rfc8 25. Nd4 Qd5 26. c3 Re8 27. Qc2 Ng4 28. Rfe1 Ne3 29. Qf2 Qe4 30. Rxe3 Qxe3 31. Qxe3 Rxe3 32. a6 Ra8 33. b4 Rxc3 34. b5 Rc4 35. b6 Rxd4 36. b7 Re8 37. a7 Rxf4 38. b8=Q Rg4+ 39. Kf2 Re4 40. a8=Q Rf4+ 41. Kg3 Re4 42. Qxe8+ 1-0


[Site "https://www.chess.com"]

[Event "Titled Tuesday Blitz July 4 Late 2023"]
[White "Horcajuelo Rocamora, Martin"]
[Black "Hartikainen, Jarmo"]
[WhiteFideId "24573027"]
[BlackFideId "503134"]
[WhiteElo "2443"]
[BlackElo "2169"]
[Result "1-0"]
[Round "2"]
[TimeControl "180+2"]
[Date "2023.07.04"]
[WhiteClock "0:01:25"]
[BlackClock "0:00:00"]
[Board "173"]

1. e4 c5 2. Nf3 Nc6 3. d4 cxd4 4. Nxd4 Nf6 5. Nc3 d6 6. Nd5 e6 7. Nxf6+ Qxf6 8. Be3 a6 9. c4 Qd8 10. Qd2 Qc7 11. Be2 Be7 12. O-O O-O 13. Rac1 Bd7 14. a3 Rac8 15. Rfd1 Rfd8 16. Nb5 axb5 17. cxb5 Qb8 18. bxc6 Bxc6 19. Bb6 Re8 20. f3 d5 21. exd5 Bxd5 22. Bd3 Bd6 23. Rxc8 Rxc8 24. h3 Be5 25. Rc1 g6 26. b4 Rc6 27. Be3 h5 28. b5 Rxc1+ 29. Qxc1 h4 30. a4 Bh2+ 31. Kf1 Bg3 32. a5 Qe5 33. a6 bxa6 34. bxa6 Kh7 35. a7 Qd6 36. Be2 Qc6 37. Qa1 e5 38. Bf2 e4 39. Bxg3 exf3 40. Bxf3 Bxf3 41. gxf3 Qxf3+ 42. Bf2 Qh1+ 43. Bg1 Qf3+ 44. Ke1 Qe4+ 45. Kd2 Qg2+ 46. Kd3 Qxh3+ 47. Be3 Qd7+ 48. Qd4 Qb5+ 49. Ke4 Qb7+ 50. Qd5 Qxa7 51. Bxa7 1-0


[Site "https://www.chess.com"]

[Event "Titled Tuesday Blitz July 4 Late 2023"]
[White "Taboas Rodriguez, Daniel"]
[Black "Vila Dupla, Aurelio"]
[WhiteFideId "2208466"]
[BlackFideId "2203383"]
[WhiteElo "2443"]
[BlackElo "2162"]
[Result "1-0"]
[Round "2"]
[TimeControl "180+2"]
[Date "2023.07.04"]
[WhiteClock "0:00:21"]
[BlackClock "0:00:34"]
[Board "174"]

1. d4 Nf6 2. Nf3 g6 3. c4 Bg7 4. Nc3 d5 5. cxd5 Nxd5 6. e4 Nxc3 7. bxc3 c5 8. Be3 Qa5 9. Qd2 O-O 10. Rc1 cxd4 11. cxd4 Qxd2+ 12. Nxd2 e6 13. Nb3 Nc6 14. Bb5 Rd8 15. Bxc6 bxc6 16. O-O Ba6 17. Rfd1 Bb5 18. f3 a5 19. Kf2 a4 20. Nc5 Bf8 21. Rd2 Rab8 22. Bg5 Bxc5 23. Rxc5 Rd7 24. Bf6 h6 25. g4 g5 26. Ke3 Kh7 27. h4 gxh4 28. Rh2 Kg6 29. e5 Rd5 30. Rc1 c5 31. Rxc5 Rxc5 32. dxc5 Bc4 33. Kd4 Bd5 34. f4 Rb1 35. Rxh4 Rb2 36. a3 Rb3 37. f5+ exf5 38. Kxd5 fxg4 39. Rxg4+ Kf5 40. Rxa4 h5 41. Rh4 Kg6 42. a4 Rd3+ 43. Rd4 Ra3 44. c6 1-0


[Site "https://www.chess.com"]

[Event "Titled Tuesday Blitz July 4 Late 2023"]
[White "szachmistrz2500"]
[Black "Oliveira, Tiago Batista"]
[BlackFideId "2108291"]
[WhiteElo "2440"]
[BlackElo "2159"]
[Result "1-0"]
[Round "2"]
[TimeControl "180+2"]
[Date "2023.07.04"]
[WhiteClock "0:00:55"]
[BlackClock "0:00:01"]
[Board "175"]

1. d4 Nf6 2. Nf3 g6 3. c4 Bg7 4. Nc3 d5 5. Bg5 Ne4 6. cxd5 Nxg5 7. Nxg5 e6 8. Nf3 exd5 9. e3 O-O 10. Be2 c6 11. O-O Nd7 12. b4 a6 13. a4 Nf6 14. b5 axb5 15. axb5 Bf5 16. Qb3 Rxa1 17. Rxa1 c5 18. dxc5 Ne4 19. Nd4 Nxc5 20. Qxd5 Bxd4 21. exd4 Qxd5 22. Nxd5 Nb3 23. Ne7+ Kh8 24. Ra3 Nxd4 25. Bf1 Be6 26. Ra7 Rb8 27. Ra4 Rd8 28. Ra7 Rb8 29. g3 Kg7 30. Bg2 Kf8 31. Nd5 Nxb5 32. Ra1 b6 33. Rb1 Bxd5 34. Rxb5 Bxg2 35. Kxg2 Ke7 36. Kf3 Kd6 37. Ke4 Kc6 38. Rb1 b5 39. Rc1+ Kb6 40. Rd1 Re8+ 41. Kf3 Kc5 42. Rd7 b4 43. Rxf7 b3 44. Rc7+ Kb6 45. Rc3 Rf8+ 46. Kg2 Kb5 47. Rxb3+ Kc4 48. Rb7 h5 49. Rb6 Rg8 50. Rd6 Kc5 51. Rd2 g5 52. Kf3 g4+ 53. Kf4 Rg7 54. Kf5 Rg8 55. Kf6 Kc4 56. Kf7 Rg5 57. Kf6 Rg8 58. Rd7 Rf8+ 59. Rf7 Rxf7+ 60. Kxf7 Kd3 61. Kg6 Ke2 62. Kxh5 Kf3 63. Kh4 Kxf2 64. Kxg4 Kg2 65. h4 1-0


[Site "https://www.chess.com"]

[Event "Titled Tuesday Blitz July 4 Late 2023"]
[White "Torres Dominguez, David"]
[Black "Goncalves, Davi Sulzbacher"]
[WhiteFideId "2220857"]
[BlackFideId "2154510"]
[WhiteElo "2145"]
[BlackElo "2440"]
[Result "1-0"]
[Round "2"]
[TimeControl "180+2"]
[Date "2023.07.04"]
[WhiteClock "0:01:54"]
[BlackClock "0:01:51"]
[Board "176"]

1. e4 g6 2. Nc3 Bg7 3. d4 d6 4. Bf4 Nf6 5. Qd2 O-O 6. O-O-O c6 7. Bh6 b5 8. f3 b4 9. Nce2 a5 10. h4 Qb6 11. h5 e5 12. Bxg7 Kxg7 13. hxg6 fxg6 14. Qh6+ Kg8 15. dxe5 dxe5 16. Nf4 Qe3+ 17. Kb1 Qxf4 18. Bc4+ 1-0


[Site "https://www.chess.com"]

[Event "Titled Tuesday Blitz July 4 Late 2023"]
[White "Hoffmann, Asa"]
[Black "campochess"]
[WhiteFideId "2001470"]
[WhiteElo "2439"]
[BlackElo "2125"]
[Result "1-0"]
[Round "2"]
[TimeControl "180+2"]
[Date "2023.07.04"]
[WhiteClock "0:01:04"]
[BlackClock "0:00:11"]
[Board "177"]

1. d4 Nf6 2. Bg5 e6 3. Nd2 c5 4. e3 Nc6 5. c3 d5 6. Bd3 Be7 7. f4 h6 8. Bh4 Rg8 9. Ngf3 Ng4 10. Qe2 Bxh4+ 11. g3 Be7 12. h3 Nf6 13. Ne5 Nd7 14. O-O Nf8 15. Qh5 Nxe5 16. fxe5 g6 17. Qf3 Rg7 18. Rf2 Nh7 19. h4 Bd7 20. Raf1 Qb6 21. b3 O-O-O 22. Qg4 Kb8 23. Rxf7 Rdg8 24. Rxg7 Rxg7 25. Bxg6 Nf8 26. h5 Qd8 27. Nf3 Nxg6 28. hxg6 Bg5 29. Nxg5 Qxg5 30. Qxg5 hxg5 31. Rf6 b6 32. Rf7 Rxg6 33. Rxd7 g4 34. Rf7 Rh6 35. Rf6 Rh3 36. Kg2 cxd4 37. exd4 Kc7 38. Rxe6 a5 39. Rg6 Rh8 40. Rxg4 a4 41. Rg6 axb3 42. axb3 Ra8 43. c4 dxc4 44. bxc4 Ra4 45. d5 Rxc4 46. Rg7+ Kc8 47. e6 Re4 48. Kf3 Re1 49. Kf4 b5 50. Kf5 b4 51. d6 b3 52. Rg8+ Kb7 53. d7 b2 54. Rb8+ Kxb8 55. d8=Q+ Kb7 56. Qd5+ Kb8 57. Qb5+ Kc7 58. Qxb2 1-0


[Site "https://www.chess.com"]

[Event "Titled Tuesday Blitz July 4 Late 2023"]
[White "Sailer, Mike"]
[Black "Sukandar, Irine Kharisma"]
[WhiteFideId "2012901"]
[BlackFideId "7101937"]
[WhiteElo "2122"]
[BlackElo "2438"]
[Result "1-0"]
[Round "2"]
[TimeControl "180+2"]
[Date "2023.07.04"]
[WhiteClock "0:00:05"]
[BlackClock "0:00:00"]
[Board "178"]

1. d4 Nf6 2. Nc3 d5 3. Bf4 g6 4. Qd2 c6 5. Nf3 Bf5 6. Ne5 Nbd7 7. g4 Nxg4 8. Nxg4 Bxg4 9. O-O-O Bg7 10. f3 Be6 11. e4 dxe4 12. fxe4 O-O 13. Bh6 Qa5 14. Kb1 Nf6 15. h4 Nxe4 16. Qe3 Nxc3+ 17. bxc3 Bxa2+ 18. Kc1 Bxh6 19. Qxh6 Qxc3 20. Rd3 Qa1+ 21. Kd2 Bc4 22. h5 Qa5+ 23. Kd1 g5 24. Ra3 Qd5 25. Bxc4 Qxc4 26. Qxg5+ Kh8 27. Qe5+ f6 28. Qxe7 Rad8 29. Rd3 Qd5 30. Rg1 Qxh5+ 31. Kc1 1-0


[Site "https://www.chess.com"]

[Event "Titled Tuesday Blitz July 4 Late 2023"]
[White "Fernandez Bustamante, Leancy B."]
[Black "Srdanovic, Jovana"]
[WhiteFideId "3523870"]
[BlackFideId "954810"]
[WhiteElo "2110"]
[BlackElo "2435"]
[Result "0-1"]
[Round "2"]
[TimeControl "180+2"]
[Date "2023.07.04"]
[WhiteClock "0:00:02"]
[BlackClock "0:00:19"]
[Board "179"]

1. e4 c5 2. Nf3 e6 3. c3 Nf6 4. e5 Nd5 5. d4 cxd4 6. cxd4 d6 7. Nc3 Nxc3 8. bxc3 Nc6 9. exd6 Bxd6 10. Bd3 Be7 11. O-O O-O 12. Bf4 b6 13. Qe2 Bb7 14. Ne5 Nxe5 15. Bxe5 Rc8 16. Rac1 Bf6 17. f4 Bxe5 18. fxe5 Qg5 19. Be4 Bxe4 20. Qxe4 Rc7 21. Qd3 Rfc8 22. Rc2 Rc4 23. Rf3 Qg6 24. Qd2 h6 25. Rg3 Qh5 26. h3 b5 27. a3 a5 28. Rb2 b4 29. axb4 axb4 30. Rxb4 Rxb4 31. cxb4 Rd8 32. Re3 Qh4 33. Rd3 Qe4 34. b5 Ra8 35. b6 Qc6 36. Qb2 Rb8 37. Rb3 Rb7 38. Rb4 g6 39. Kh2 h5 40. Rb5 Kh7 41. Qb4 Kg7 42. Qc5 Qe4 43. Ra5 Qf4+ 44. Kg1 Qe3+ 45. Kh1 Rd7 46. Ra8 Kh6 47. Qf8+ Kg5 48. Qh8 Qc1+ 49. Kh2 Qf4+ 50. Kh1 Rxd4 51. Qf6+ Qxf6 52. exf6 Rb4 53. Rb8 Kxf6 54. b7 h4 55. Kh2 Rb3 56. Rh8 Rxb7 57. Rxh4 g5 58. Ra4 Rb3 59. Rc4 Kf5 60. Ra4 e5 61. Ra5 f6 62. Ra7 Kf4 63. Ra6 f5 64. Ra1 e4 65. Rf1+ Ke5 66. Rf2 e3 67. Ra2 f4 68. Kg1 Rb1+ 69. Kh2 Ke4 70. Ra4+ Kd3 71. Ra3+ Kc2 72. Ra2+ Rb2 73. Ra5 e2 74. Rc5+ Kd2 75. Rd5+ Ke3 76. Re5+ Kf2 77. Rxg5 e1=Q 78. Rg4 Qg1# 0-1


[Site "https://www.chess.com"]

[Event "Titled Tuesday Blitz July 4 Late 2023"]
[White "Herman, Daniel"]
[Black "Cardenas Carbajal, Nilson"]
[WhiteFideId "30935008"]
[BlackFideId "8401128"]
[WhiteElo "2428"]
[BlackElo "2110"]
[Result "1-0"]
[Round "2"]
[TimeControl "180+2"]
[Date "2023.07.04"]
[WhiteClock "0:00:09"]
[BlackClock "0:00:00"]
[Board "180"]

1. c4 e5 2. g3 Nc6 3. Bg2 f5 4. Nc3 Nf6 5. d3 Bb4 6. Bd2 O-O 7. Nf3 d6 8. Nd5 Bxd2+ 9. Nxd2 Be6 10. O-O Bxd5 11. cxd5 Ne7 12. Rc1 Kh8 13. e4 c5 14. dxc6 bxc6 15. exf5 Nxf5 16. Rxc6 Nd4 17. Rc1 Rb8 18. Nb3 Qb6 19. Nxd4 Qxd4 20. b3 Rfc8 21. Qe2 Nd7 22. Bh3 Rxc1 23. Rxc1 Nc5 24. Rc4 Qxd3 25. Qxd3 Nxd3 26. Rc7 a5 27. Rd7 Rf8 28. Rxd6 Nxf2 29. Bg2 Ng4 30. Rd5 h5 31. h3 Ne3 32. Rxe5 Nc2 33. Rxh5+ Kg8 34. Bd5+ 1-0


[Site "https://www.chess.com"]

[Event "Titled Tuesday Blitz July 4 Late 2023"]
[White "Tsukerman, Julia"]
[Black "Ai, Evan"]
[WhiteFideId "2621649"]
[BlackFideId "2094770"]
[WhiteElo "2088"]
[BlackElo "2427"]
[Result "0-1"]
[Round "2"]
[TimeControl "180+2"]
[Date "2023.07.04"]
[WhiteClock "0:00:04"]
[BlackClock "0:00:06"]
[Board "181"]

1. e4 e5 2. Nf3 Nc6 3. Bb5 a6 4. Ba4 Nf6 5. d3 b5 6. Bb3 d6 7. c3 Be7 8. O-O O-O 9. Re1 h6 10. h3 Bb7 11. Nbd2 Na5 12. Bc2 c5 13. Nf1 Nc6 14. Ng3 Bc8 15. d4 cxd4 16. cxd4 Bd7 17. Nf5 Bxf5 18. exf5 Qc7 19. Bb3 e4 20. Nh2 d5 21. Ng4 Rad8 22. Be3 Nxg4 23. Qxg4 Qd6 24. Rac1 Nb4 25. Bf4 Qf6 26. Be5 Qg5 27. Qxg5 Bxg5 28. Rc7 Rc8 29. Ra7 Nd3 30. Re2 Rc1+ 31. Kh2 Nxe5 32. dxe5 Rd8 33. Rxa6 d4 34. Rxe4 d3 35. Ra7 d2 36. Bxf7+ Kh8 37. Bb3 Re1 38. Rb4 Rxe5 39. Bd1 Re1 40. Bf3 d1=Q 41. Bxd1 Rdxd1 42. Kg3 Rd3+ 43. f3 Re5 44. Rxb5 Rxb5 45. Ra8+ Kh7 46. a4 Rxf5 47. a5 Bf4+ 48. Kf2 Rc5 49. Ke1 Rc1+ 0-1


[Site "https://www.chess.com"]

[Event "Titled Tuesday Blitz July 4 Late 2023"]
[White "FromTexas54"]
[Black "Winkels, Marcel"]
[BlackFideId "1003887"]
[WhiteElo "2426"]
[BlackElo "2080"]
[Result "1-0"]
[Round "2"]
[TimeControl "180+2"]
[Date "2023.07.04"]
[WhiteClock "0:01:45"]
[BlackClock "0:00:02"]
[Board "182"]

1. d4 Nf6 2. c4 g6 3. Nc3 Bg7 4. e4 d6 5. Nf3 O-O 6. Be2 e5 7. O-O Nc6 8. d5 Ne7 9. b4 a5 10. Ba3 b6 11. bxa5 Rxa5 12. Bb4 Ra8 13. a4 Nd7 14. a5 Nc5 15. axb6 Rxa1 16. Qxa1 cxb6 17. Nd2 f5 18. Nb5 fxe4 19. Bxc5 bxc5 20. Nxe4 Nf5 21. Bg4 Nd4 22. Bxc8 Qxc8 23. Nbxd6 Qg4 24. h3 Qf4 25. Qd1 h5 26. Nxc5 g5 27. Ne6 Nxe6 28. dxe6 Qf6 29. Qd5 Kh7 30. Ne4 Qe7 31. Qd7 Re8 32. c5 Qxe6 33. Nxg5+ 1-0


[Site "https://www.chess.com"]

[Event "Titled Tuesday Blitz July 4 Late 2023"]
[White "Horokoskii"]
[Black "Kielinkei"]
[WhiteElo "2076"]
[BlackElo "2425"]
[Result "0-1"]
[Round "2"]
[TimeControl "180+2"]
[Date "2023.07.04"]
[WhiteClock "0:00:04"]
[BlackClock "0:00:10"]
[Board "183"]

1. d4 Nf6 2. c4 e6 3. Nc3 Bb4 4. e3 b6 5. Ne2 c5 6. a3 Ba5 7. Qc2 Ba6 8. Nf4 O-O 9. Bd3 d5 10. cxd5 Bxd3 11. Qxd3 exd5 12. dxc5 bxc5 13. O-O Bxc3 14. Qxc3 Qd6 15. Rd1 Nbd7 16. b3 Nb6 17. Bb2 d4 18. Qc1 Rac8 19. exd4 c4 20. bxc4 Nxc4 21. Bc3 Ne4 22. Ne2 Nb6 23. Qb2 Na4 24. Bb4 Nxb2 25. Bxd6 Nxd6 26. Rd2 Nbc4 27. Rc2 Rfe8 28. Nf4 Nxa3 29. Rxc8 Rxc8 30. h3 Nab5 31. Nd5 Kf8 32. Ra6 Rd8 33. Nb4 Nxd4 34. Rxa7 Rb8 35. Nd5 g6 36. Rd7 N4b5 37. Nf6 Kg7 38. Ng4 Re8 39. g3 h5 40. Ne3 Nf5 41. Nxf5+ gxf5 42. Rd5 Nc7 43. Rxf5 Kg6 44. Rc5 Ne6 45. Ra5 Ng7 46. Kg2 Re6 47. f4 Rb6 48. Kf3 Rb3+ 49. Kg2 f6 50. Ra2 Nf5 51. g4 hxg4 52. hxg4 Rg3+ 53. Kf2 Rxg4 54. Kf3 Rg3+ 55. Ke4 Re3+ 56. Kd5 Re1 57. Rg2+ Kf7 58. Ra2 Re8 59. Ra7+ Re7 60. Ra1 Ne3+ 61. Kd4 Nc2+ 0-1


[Site "https://www.chess.com"]

[Event "Titled Tuesday Blitz July 4 Late 2023"]
[White "Manukian, Artak"]
[Black "Tqebuchava, Zurab"]
[WhiteFideId "13301373"]
[BlackFideId "13601113"]
[WhiteElo "2425"]
[BlackElo "2071"]
[Result "1-0"]
[Round "2"]
[TimeControl "180+2"]
[Date "2023.07.04"]
[WhiteClock "0:00:18"]
[BlackClock "0:00:00"]
[Board "184"]

1. e4 d6 2. d4 g6 3. c4 Bg7 4. Nc3 Nc6 5. Be3 e5 6. d5 Nd4 7. Nge2 Nxe2 8. Bxe2 f5 9. f3 Nf6 10. Qd2 fxe4 11. fxe4 O-O 12. O-O-O a5 13. h3 a4 14. g4 a3 15. b4 Bd7 16. Kc2 Kh8 17. Kb3 Qe8 18. b5 b6 19. Rdf1 Qe7 20. Bh6 Ng8 21. Bg5 Bf6 22. h4 Bxg5 23. hxg5 Rxf1 24. Rxf1 Rf8 25. Rxf8 Qxf8 26. Qe3 Qc8 27. Qf3 Kg7 28. Kxa3 Qa8+ 29. Kb3 Qd8 30. Qe3 Qc8 31. Qg3 Qd8 32. Qh4 Qf8 33. Qg3 Qd8 34. Qe3 Qc8 35. a4 Bxg4 36. Bxg4 Qxg4 37. Na2 Qd1+ 38. Ka3 Qf1 39. Qc3 Qf4 40. a5 bxa5 41. Qxa5 Qxg5 42. Qxc7+ Qe7 43. Qxe7+ Nxe7 44. b6 Nc8 45. b7 Nb6 46. b8=Q Nxc4+ 47. Kb4 1-0


[Site "https://www.chess.com"]

[Event "Titled Tuesday Blitz July 4 Late 2023"]
[White "Semenova, Alina"]
[Black "Omariev, Maksim"]
[WhiteFideId "24113875"]
[BlackFideId "4193423"]
[WhiteElo "2064"]
[BlackElo "2424"]
[Result "0-1"]
[Round "2"]
[TimeControl "180+2"]
[Date "2023.07.04"]
[WhiteClock "0:00:02"]
[BlackClock "0:00:46"]
[Board "185"]

1. e4 c5 2. Nf3 d6 3. d4 cxd4 4. Nxd4 Nf6 5. Nc3 a6 6. f3 b5 7. Be3 Bb7 8. Qd2 Nbd7 9. O-O-O e6 10. g4 h6 11. h4 b4 12. Na4 Qa5 13. b3 Nc5 14. Bc4 Nxa4 15. bxa4 Qxa4 16. Bb3 Qa3+ 17. Kb1 d5 18. e5 Nd7 19. f4 Nc5 20. Qf2 Ne4 21. Qe1 Nc3+ 22. Ka1 Bc5 23. Bc1 Qa5 24. Bb2 O-O 25. Rd3 Bxd4 26. Rxd4 Qc5 27. Rd3 d4 28. Bxc3 bxc3 29. Rh2 a5 30. a4 Bd5 31. Qb1 Rfb8 32. Qa2 Rb4 33. Kb1 Rab8 34. Kc1 Bxb3 35. cxb3 Rxb3 36. Rc2 Qd5 37. Kd1 Rb1+ 38. Ke2 Qg2# 0-1


[Site "https://www.chess.com"]

[Event "Titled Tuesday Blitz July 4 Late 2023"]
[White "Bueno, Alfeu Junior Varela"]
[Black "Graham, Nathaniel"]
[WhiteFideId "2108879"]
[BlackFideId "2007983"]
[WhiteElo "2421"]
[BlackElo "2056"]
[Result "1-0"]
[Round "2"]
[TimeControl "180+2"]
[Date "2023.07.04"]
[WhiteClock "0:00:37"]
[BlackClock "0:00:00"]
[Board "186"]

1. e4 c5 2. Nc3 e6 3. f4 d5 4. e5 f6 5. Nf3 Nc6 6. Nh4 fxe5 7. Qh5+ g6 8. Nxg6 Nf6 9. Qh4 hxg6 10. Qxh8 exf4 11. Bb5 Kf7 12. Bxc6 bxc6 13. O-O e5 14. Qh4 Bf5 15. d3 Bg7 16. g3 fxg3 17. hxg3 Qd7 18. g4 Rh8 19. Qg3 Bxg4 20. Qxe5 Bh3 21. Rf4 Rh5 22. Qe2 Rg5+ 23. Kh2 Rg2+ 24. Qxg2 Bxg2 25. Kxg2 Kg8 26. Bd2 Nh5 27. Rh4 Qf5 28. Rf1 Qe5 29. Re1 1-0


[Site "https://www.chess.com"]

[Event "Titled Tuesday Blitz July 4 Late 2023"]
[White "Govender, Kaedan"]
[Black "Romero Ruscalleda, Josep"]
[WhiteFideId "14322072"]
[BlackFideId "2231859"]
[WhiteElo "2050"]
[BlackElo "2420"]
[Result "0-1"]
[Round "2"]
[TimeControl "180+2"]
[Date "2023.07.04"]
[WhiteClock "0:00:14"]
[BlackClock "0:00:39"]
[Board "187"]

1. d4 g6 2. c4 Bg7 3. Nf3 d6 4. g3 Nf6 5. Bg2 O-O 6. O-O Bf5 7. b3 Nc6 8. Bb2 Qd7 9. Re1 Rad8 10. Nbd2 Ne4 11. Nh4 Nxd2 12. Nxf5 Nxc4 13. Nxg7 Nxb2 14. Qd2 Kxg7 15. d5 Nb8 16. Qxb2+ Kg8 17. Rac1 c5 18. e4 b5 19. e5 Qf5 20. e6 fxe6 21. dxe6 Na6 22. Re4 Nb4 23. Rd1 a5 24. Rf4 Qg5 25. Rh4 Qf6 26. h3 Qxb2 0-1


[Site "https://www.chess.com"]

[Event "Titled Tuesday Blitz July 4 Late 2023"]
[White "Phillips, Rene"]
[Black "Seresin, Francesco"]
[WhiteFideId "2056275"]
[BlackFideId "886335"]
[WhiteElo "2026"]
[BlackElo "2416"]
[Result "0-1"]
[Round "2"]
[TimeControl "180+2"]
[Date "2023.07.04"]
[WhiteClock "0:00:00"]
[BlackClock "0:00:59"]
[Board "188"]

1. d4 d5 2. Bf4 e6 3. e3 Bd6 4. Bg3 Nf6 5. Nd2 O-O 6. Ngf3 c5 7. c3 Qc7 8. Ne5 b6 9. f4 Nfd7 10. Bd3 f5 11. Bh4 Ba6 12. Bxa6 Nxa6 13. Qh5 Nf6 14. Qe2 Nb8 15. O-O Nbd7 16. a4 c4 17. Qf3 a6 18. h3 b5 19. a5 b4 20. g4 Ne4 21. Nxe4 fxe4 22. Qg2 Rab8 23. Be1 bxc3 24. Bxc3 Bb4 25. Qg3 Bxc3 26. bxc3 Rb3 27. Rac1 Nxe5 28. fxe5 Rxf1+ 29. Rxf1 Qe7 30. Qe1 Rb5 31. Qa1 Qg5 32. Rf4 Qe7 33. Kg2 Qd8 34. Qf1 Rxa5 35. Rf7 Ra2+ 36. Kg3 h6 37. h4 Qb8 38. h5 Qb2 39. Rxg7+ Kxg7 40. Qf6+ Kg8 41. Qxe6+ Kf8 42. Qxh6+ Ke8 43. Qe6+ Kd8 44. Qd6+ Kc8 45. Qc6+ Kb8 46. Qe8+ Kb7 47. Qd7+ Kb6 48. Qd6+ Kb5 49. Qxd5+ Ka4 50. Qxc4+ Ka5 51. Qc5+ Qb5 52. Qc7+ Ka4 53. c4 Qb2 54. Qc6+ Kb4 55. Qc5+ Kc3 0-1


[Site "https://www.chess.com"]

[Event "Titled Tuesday Blitz July 4 Late 2023"]
[White "Philippe, Guillaume"]
[Black "ilya2700"]
[WhiteFideId "36048763"]
[WhiteElo "2414"]
[BlackElo "2024"]
[Result "1-0"]
[Round "2"]
[TimeControl "180+2"]
[Date "2023.07.04"]
[WhiteClock "0:00:24"]
[BlackClock "0:00:00"]
[Board "189"]

1. e4 c5 2. Nf3 e6 3. d4 cxd4 4. Nxd4 Nf6 5. Nc3 Nc6 6. Nxc6 bxc6 7. e5 Nd5 8. Ne4 Qc7 9. f4 Qb6 10. a3 Be7 11. c4 Ne3 12. Qd3 Nf5 13. g4 Nd4 14. b4 Ba6 15. Bb2 Bxc4 16. Qxd4 Bh4+ 17. Ng3 Bxf1 18. Qxb6 axb6 19. Rxf1 O-O 20. O-O-O c5 21. bxc5 bxc5 22. Rxd7 c4 23. Ne4 Rfb8 24. Rf3 Bd8 25. Nd6 Ba5 26. Ne4 Rc8 27. Bc3 Bb6 28. Bb4 Ba5 29. Bxa5 Rxa5 30. Rc3 h6 31. Nd6 Rca8 32. Kb2 Rb8+ 33. Kc2 1-0


[Site "https://www.chess.com"]

[Event "Titled Tuesday Blitz July 4 Late 2023"]
[White "Pein, Jonathan"]
[Black "Panuganti, Kireet"]
[WhiteFideId "417092"]
[BlackFideId "30903297"]
[WhiteElo "2413"]
[BlackElo "2022"]
[Result "1-0"]
[Round "2"]
[TimeControl "180+2"]
[Date "2023.07.04"]
[WhiteClock "0:02:13"]
[BlackClock "0:00:00"]
[Board "190"]

1. Nf3 Nf6 2. b3 e6 3. Bb2 Be7 4. e3 d5 5. d4 b6 6. Bd3 Bb7 7. Nbd2 Nbd7 8. Qe2 Ne4 9. O-O O-O 10. Ne5 f6 11. Nxd7 Qxd7 12. f3 Nxd2 13. Qxd2 c5 14. c4 Rfd8 15. Qc2 h6 16. Rad1 Rac8 17. cxd5 cxd4 18. Qe2 dxe3 19. dxe6 Qxe6 20. Bc4 Bd5 21. Ba6 Rc7 22. Rd3 Bc5 23. Rfd1 Rcd7 24. Bb5 Rd6 25. Bd4 Bxd4 26. Rxd4 Bb7 27. Bc4 Bd5 28. Bxd5 Rxd5 29. Qc4 e2 30. Re1 R5d6 31. Qxe6+ Rxe6 32. Rxd8+ Kf7 33. Rd2 1-0


[Site "https://www.chess.com"]